 Dungeon Crawl Stone Soup version 0.23-a0-169-gb21e695 (webtiles) character file.

1446 grindst0ne the Covert (level 8, -5/85 HPs)
             Began as an Octopode Assassin on Sept 11, 2018.
             Killed by nerve-wracking pain
             ... invoked by an orc priest
              (6 damage)
             ... on level 6 of the Dungeon.
             The game lasted 00:09:47 (6111 turns).

grindst0ne the Covert (Octopode Assassin)           Turns: 6111, Time: 00:09:47

Health: -5/85      AC:  1    Str: 16    XL:     8   Next: 75%
Magic:  11/12      EV: 13    Int: 13    God:
Gold:   246        SH:  0    Dex: 15    Spells: 7/7 levels left

rFire    . . .     SeeInvis .   a - +2 dagger
rCold    . . .     Gourm    .   (no shield)
rNeg     . . .     Faith    .   (helmet restricted)
rPois    +         Spirit   .   (no amulet)
rElec    .         Reflect  .   q - ring of poison resistance
rCorr    .         Harm     .   (no ring)
MR       .....                  (no ring)
Stlth    ..........             (no ring)
HPRegen  0.24/turn              (no ring)
MPRegen  0.13/turn              (no ring)
                                (no ring)
                                (no ring)

@: berserking (expiring), very quick
A: almost no armour, stealthy swim, amphibious, 8 rings, constrict 8, camouflage
1, gelatinous body 1
a: no special abilities


You were on level 6 of the Dungeon.
You were hungry.

You visited 1 branch of the dungeon, and saw 6 of its levels.

You collected 288 gold pieces.
You spent 42 gold pieces at shops.

Inventory:

Hand Weapons
 a - a +2 dagger (weapon)
 b - a +0 blowgun
Missiles
 c - 8 poisoned needles
 d - 2 curare-tipped needles
 h - 2 needles of frenzy
Jewellery
 q - a ring of poison resistance (left tentacle)
 r - an uncursed ring of flight
Wands
 e - a wand of disintegration (3)
 x - a wand of acid (15)
Scrolls
 g - 2 scrolls of remove curse
 k - 2 scrolls of random uselessness {unknown}
 l - a scroll of magic mapping {unknown}
 n - 5 scrolls of teleportation
 o - a scroll of fear {unknown}
 s - 2 scrolls of amnesia {unknown}
 y - a scroll of enchant armour {unknown}
 z - a scroll of immolation {unknown}
Potions
 i - 2 potions of curing
 j - 3 potions of agility
 p - a potion of degeneration
 t - 3 potions of cancellation
 u - a potion of brilliance {unknown}
 v - a potion of flight {unknown}
 w - a potion of lignification {unknown}
Comestibles
 f - 11 rations


   Skills:
 - Level 6.0 Fighting
 - Level 2.0 Short Blades
 - Level 2.0 Throwing
 - Level 1.0 Dodging
 - Level 11.0 Stealth
 + Level 5.9 Evocations


You had 7 spell levels left.
You didn't know any spells.
Your spell library contained the following spells:

 Spells                   Type           Power        Failure   Level  Hunger
 Corona                   Hex            #......      30%         1    ##.....
 Ensorcelled Hibernation  Hex/Ice        #.....       43%         2    ###....
 Confuse                  Hex            #.......     67%         3    ####...
 Dazzling Spray           Conj/Hex       #.....       67%         3    ####...
 Static Discharge         Conj/Air       #.......     67%         3    ####...
 Tukima's Dance           Hex            #.......     67%         3    ####...
 Lightning Bolt           Conj/Air       #.........   100%        5    ######.
 Ignition                 Fire           #.........   100%        8    #######
 Shatter                  Erth           #.........   100%        9    #######
 Tornado                  Air            #.........   100%        9    #######


Dungeon Overview and Level Annotations

Branches:
Dungeon (6/15)
 Temple: D:4-7

Altars:
Ashenzari
Dithmenos
Gozag
Qazlal
Ru
Wu Jian
Xom

Shops:
D:5 *

Annotations:
D:5 exclusion: downstairs


Innate Abilities, Weirdness & Mutations

You cannot wear most types of armour.
You are very stealthy in the water. (Stealth+)
You are amphibious.
You can wear up to eight rings at the same time.
You can use your tentacles to constrict eight enemies at once.
Your skin changes colour to match your surroundings (Stealth+).
Your rubbery body absorbs attacks. (AC +1, EV +1)


Message History

The black bear claws you.
* * * LOW HITPOINT WARNING * * *
The black bear claws you.
* * * LOW HITPOINT WARNING * * *
You puncture the black bear!
You kill the black bear!
You are too berserk!
You are too berserk!
You are too berserk!
You closely miss something. Your squeeze misses something.
You puncture something! You squeeze something!
Reactivating autopickup.
You feel a bit more experienced. The orc closely misses you.
Items here: )) [[ †† You closely miss the orc.
You grab the orc. You squeeze the orc!
You kill the orc!
The orc priest invokes the aid of Beogh against you.
Pain shoots through your body!
You die...

Y. #######o..###.......#
#.##.##...####.####.#######
#...................#
####.##...####.###### #
##### #.# #o# #o# #########
#)# #........ #@# #.#######
#.# ######.# #
#######.###...##.##### #
#...........#........# #
#.####..)##...##.###.###
#.....######........
##..)## #####.### ##.## #.#
.. .. #.# #.#


You could see an orc priest and an orc.

Vanquished Creatures
  Grinder (D:4)
  A sky beast (D:5)
  An ice beast (D:5)
  A black bear (D:6)
  An ogre (D:5)
  A centaur (D:5)
  A bullfrog (D:6)
  A water moccasin zombie (D:5)
  2 crimson imps
  2 jellies
  A centaur skeleton (D:5)
  6 orc wizards
  A bullfrog skeleton (D:6)
  Ijyb (D:4)
  An iguana (D:5)
  4 worker ants
  6 adders
  3 gnolls (D:6)
  2 worms
  8 dart slugs
  4 leopard geckos
  15 orcs
  5 giant cockroaches
  2 goblins (D:1)
  6 hobgoblins
  8 jackals
  A quokka (D:4)
  2 ball pythons
  7 bats
  3 frilled lizards
  5 kobolds
  4 rats
107 creatures vanquished.

Notes
Turn   | Place    | Note
-------+----------+-------------------------------------------
     0 | D:1      | grindst0ne the Octopode Assassin began the quest for the
                  | Orb.
     0 | D:1      | Reached XP level 1. HP: 14/14 MP: 1/1
    23 | D:1      | Reached XP level 2. HP: 8/20 MP: 2/2
   649 | D:1      | Reached skill level 6 in Stealth
   684 | D:1      | Reached XP level 3. HP: 25/25 MP: 3/3
   907 | D:2      | Found a shadowy altar of Dithmenos.
  1436 | D:2      | Reached XP level 4. HP: 27/31 MP: 4/4
  1524 | D:2      | Found a shattered altar of Ashenzari.
  1990 | D:3      | Found an opulent altar of Gozag.
  2255 | D:4      | Reached skill level 7 in Stealth
  2261 | D:4      | Reached XP level 5. HP: 18/37 MP: 5/5
  2491 | D:4      | Noticed Ijyb
  2497 | D:4      | Killed Ijyb
  2507 | D:4      | Noticed Grinder
  2510 | D:4      | Paralysed by Grinder for 7 turns
  2522 | D:4      | Killed Grinder
  2522 | D:4      | Reached skill level 8 in Stealth
  2522 | D:4      | Reached XP level 6. HP: 27/45 MP: 6/6
  2659 | D:4      | Reached skill level 5 in Fighting
  3197 | D:4      | Reached XP level 7. HP: 21/50 MP: 7/7
  3659 | D:5      | Entered Level 5 of the Dungeon
  3715 | D:5      | Found Foafuist's General Store.
  3725 | D:5      | Reached skill level 9 in Stealth
  3947 | D:5      | Bought a scroll of teleportation for 42 gold pieces
  3977 | D:5      | Found an ornate altar of the Wu Jian Council.
  3977 | D:5      | Found a sacrificial altar of Ru.
  3978 | D:5      | Found a stormy altar of Qazlal.
  3982 | D:5      | Reached skill level 1 in Evocations
  4317 | D:5      | Reached skill level 10 in Stealth
  4317 | D:5      | Reached XP level 8. HP: 57/57 MP: 8/10
  4962 | D:5      | Found a shimmering altar of Xom.
  5650 | D:6      | Reached skill level 11 in Stealth
  5687 | D:6      | Reached skill level 5 in Evocations
  5946 | D:6      | Noticed a yak
  5946 | D:6      | Noticed a yak
  5946 | D:6      | Noticed a yak
  5946 | D:6      | Noticed a yak
  6106 | D:6      | HP: 4/85 [black bear (4)]
  6106 | D:6      | HP: 1/85 [black bear (3)]
  6111 | D:6      | Killed from afar by an orc priest

Vault maps used:
D:1:      sevenhm_arrival_forest_fort_large_4, dk_noncrumbling_2
D:2:      nicolae_overflow_crystal_walls, nicolae_dithmenos_shadow_blocks
D:3:      nicolae_gozag_seed_capital
D:4:      serial_park_tiny_2, uniq_grinder, uniq_ijyb
D:5:      overflow_temple_1_default, grunt_temple_overflow_open, first_ration,
          serial_shops, shop
D:6:      serial_shops, shop

Skill      XL: |  1  2  3  4  5  6  7  8 |
---------------+-------------------------+-----
Stealth        | 6 7 8 10 11 | 11.0
Fighting       | 3 4 5 6 |  6.0
Evocations     | 2 5 |  5.9
Short Blades   | |  2.0
Throwing       | |  2.0
Dodging        | |  1.0

Action                   |  1- 3 |  4- 6 |  7- 9 || total
-------------------------+-------+-------+-------++-------
Melee: Dagger            |    63 |    71 |   126 ||   260
       Constrict         |    15 |    12 |    25 ||    52
       Tentacles         |    11 |    14 |    31 ||    56
Evoke: Wand              |       |     2 |     3 ||     5
  Use: Scroll            |       |     5 |     1 ||     6
       Potion            |       |     1 |     3 ||     4
 Stab: Sleeping          |    14 |    11 |    13 ||    38
       Distracted        |       |       |     1 ||     1
  Eat: Chunk             |     2 |     3 |     7 ||    12
       Ration            |       |     1 |       ||     1
Armor: Skin              |     3 |     5 |     3 ||    11
Dodge: Dodged            |    31 |    29 |    51 ||   111

Table legend:
 A = Non-vault XP
 B = Vault XP
 C = Vault XP percentage of total XP
 D = Non-vault monster count
 E = Vault monster count
 F = Vault count percentage of total count
                 A         B        C        D         E       F
            +---------+---------+-------+---------+---------+-------
      Total |    1753 |     313 |  15.2 |     105 |       2 |   1.9
            +---------+---------+-------+---------+---------+-------
        D:1 |      39 |       0 |   0.0 |      19 |       0 |   0.0
        D:2 |      66 |       0 |   0.0 |      22 |       0 |   0.0
        D:3 |      15 |       0 |   0.0 |       7 |       0 |   0.0
        D:4 |     214 |     313 |  59.4 |      17 |       2 |  10.5
        D:5 |     929 |       0 |   0.0 |      26 |       0 |   0.0
        D:6 |     490 |       0 |   0.0 |      14 |       0 |   0.0
            +---------+---------+-------+---------+---------+-------
